 Dungeon Crawl Stone Soup version 0.24.1-11-gbbbb2193e6 (webtiles) character file.

Game seed: 9127153721677880521, levelgen mode: deterministic

4725 Gwenloh the Covert (level 10, -3/73 HPs)
             Began as a Vampire Enchanter on May 13, 2020.
             Was an Initiate of Gozag.
             Slain by a death yak (14 damage)
             ... on level 7 of the Dungeon.
             The game lasted 00:45:57 (8827 turns).

Gwenloh the Covert (Vampire Enchanter)              Turns: 8827, Time: 00:45:58

Health: -3/73      AC:  9    Str:  7    XL:     10   Next: 22%
Magic:  0/17       EV: 14    Int: 22    God:    Gozag
Gold:   876        SH:  0    Dex: 14    Spells: 3/19 levels left

rFire    + . .     SeeInvis +   n - +3 falchion (slice)
rCold    . . .     Gourm    .   (no shield)
rNeg     . . .     Faith    .   c - +3 leather armour
rPois    .         Spirit   +   (no helmet)
rElec    .         Reflect  .   h - scarf {repulsion}
rCorr    .         Harm     .   (no gloves)
MR       +....                  x - +2 pair of boots
Stlth    +++++.....             o - amulet of guardian spirit
HPRegen  0.42/turn              (no ring)
MPRegen  0.15/turn              g - ring of protection from fire

@: regenerating quickly, repel missiles
A: no food, fangs 3, see invisible, unbreathing
a: Exsanguinate, Potion Petition, Call Merchant, Bribe Branch, Renounce Religion


You were on level 7 of the Dungeon.
You worshipped Gozag.
Gozag was pleased with you.
You were alive.

You visited 2 branches of the dungeon, and saw 9 of its levels.
You also visited: Ossuary.

You collected 943 gold pieces.
You paid 67 gold pieces to Gozag.

Inventory:

Hand Weapons
 a - a +1 dagger
 n - a +3 falchion of slicing (weapon)
 q - a +5 dagger
 J - a +2 scimitar
Missiles
 m - 154 stones (quivered)
 r - 7 javelins
Armour
 b - a +0 robe
 c - a +3 leather armour (worn)
 h - a scarf of repulsion (worn)
 x - a +2 pair of boots (worn)
 y - a +1 buckler
 K - a scarf of spirit shield
Jewellery
 e - an uncursed ring of positive energy
 g - a ring of protection from fire (right hand)
 o - an amulet of guardian spirit (around neck)
Wands
 p - a wand of digging (6)
 w - a wand of paralysis (10)
 B - a wand of flame (20)
Scrolls
 f - 2 scrolls of magic mapping
 k - 3 scrolls of immolation
 l - 2 scrolls of random uselessness
 v - 2 scrolls of teleportation
 A - 5 scrolls of remove curse
 D - a scroll of fog
 I - a scroll of noise
Potions
 d - a potion of mutation {unknown}
 i - a potion of resistance {unknown}
 j - 5 potions of curing {unknown}
 s - 3 potions of ambrosia {unknown}
 t - a potion of berserk rage {unknown}
 u - 3 potions of might {unknown}
 z - a potion of agility
 C - 2 potions of degeneration {unknown}
 E - a potion of haste {unknown}
 F - a potion of lignification {unknown}
 G - a potion of brilliance {unknown}
 H - 2 potions of heal wounds {unknown}


   Skills:
 + Level 4.3 Fighting
 + Level 5.5 Short Blades
 + Level 5.9 Dodging
 * Level 11.5 Stealth
 + Level 5.0 Spellcasting
 * Level 10.9 Hexes
 + Level 4.7 Ice Magic


You had 3 spell levels left.
You knew the following spells:

 Your Spells              Type           Power        Failure   Level  Hunger
a - Corona                Hex            ######.      1%          1    N/A
b - Ensorcelled Hibernat  Hex/Ice        #####.       1%          2    N/A
c - Confuse               Hex            ######..     1%          3    N/A
d - Tukima's Dance        Hex            ######..     1%          3    N/A
e - Dazzling Spray        Conj/Hex       ####..       4%          3    N/A
f - Cause Fear            Hex            ######....   1%          4    N/A

Your spell library contained the following spells:

 Spells                   Type           Power        Failure   Level  Hunger
 Slow                     Hex            ######..     1%          2    N/A
 Inner Flame              Hex/Fire       ####....     4%          3    N/A
 Portal Projectile        Hex/Tloc       ####..       4%          3    N/A
 Summon Guardian Golem    Hex/Summ       ####....     4%          3    N/A
 Sting                    Conj/Pois      #...         16%         1    N/A
 Summon Small Mammal      Summ           #...         16%         1    N/A
 Call Imp                 Summ           #.......     22%         2    N/A
 Poisonous Vapours        Pois/Air       #.....       22%         2    N/A
 Call Canine Familiar     Summ           #.......     41%         3    N/A
 Mephitic Cloud           Conj/Pois/Air  #.......     41%         3    N/A
 Leda's Liquefaction      Hex/Erth       ####......   16%         4    N/A
 Summon Ice Beast         Ice/Summ       ###.....     50%         4    N/A
 Olgreb's Toxic Radiance  Pois           #.......     83%         4    N/A
 Summon Lightning Spire   Summ/Air       #.......     83%         4    N/A
 Venom Bolt               Conj/Pois      #.........   99%         5    N/A

Dungeon Overview and Level Annotations

Branches:
Dungeon (8/15)             Temple (1/1) D:5            Lair (0/6) D:8
Ossuary (visited)

Altars:
Ashenzari
Cheibriados
Dithmenos
Elyvilon
Fedhas
Gozag
Hepliaklqana
Kikubaaqudgha
Makhleb
Nemelex Xobeh
Okawaru
Qazlal
Ru
Sif Muna
Trog
Uskayaw
Wu Jian
Xom
Yredelemnul
Zin
The Shining One


Innate Abilities, Weirdness & Mutations

You do not eat.
Your natural rate of healing is unusually fast.
You have razor-sharp teeth.
You have supernaturally acute eyesight. (SInv)
You can survive without breathing.


Message History

You bite the death yak, but do no damage.
The death yak is severely wounded.
Casting: Confuse (safe; 1% risk of failure)
Confirm with . or Enter, or press ? or * to list all spells.
Aiming: Ensorcelled Hibernation (safe; 1% risk of failure)
Press: ? - help, Shift-Dir - straight line, f/p - death yak
Aim: a death yak (heavily wounded, chance to defeat MR: 8%)
The death yak looks drowsy...
The helpless death yak fails to defend itself.
You slash the death yak!
You bite the death yak, but do no damage.
The death yak is severely wounded.
The death yak gores you!
You hit the death yak but do no damage.
The death yak is severely wounded.
The death yak gores you!
* * * LOW HITPOINT WARNING * * *
The death yak gores you!
You die...
Your body crumbles into a pile of gold.

### #<# ##########.####
#### #........@....#
#... ####[#..Y#....#
#...
#).#.#.##############...
#...)#>.................
#......###.##.##########
##...#..................
###.#...#.##.#####...##
#...#.#.##.# #.#.#
###.#...##.#####.#.#


You could see a death yak.

Vanquished Creatures
  A death yak (D:7)
  A hippogriff (D:7)
  Sigmund (D:2)
  A yak (D:7)
  A human (D:7)
  2 hogs
  Edmund (D:4)
  Duvessa (D:5)
  2 orc warriors
  4 ice beasts
  A black bear (D:7)
  A necrophage (D:5)
  A sky beast (D:7)
  A hornet zombie (D:6)
  An ogre (D:7)
  2 centaurs
  3 bullfrogs
  4 scorpions
  A water moccasin skeleton (D:6)
  Dowan (D:5)
  An electric eel (D:6)
  2 wights (D:7)
  A howler monkey (D:6)
  3 crimson imps
  A centaur zombie (D:6)
  3 hounds
  A human zombie (Ossuary)
  6 orc priests
  A jelly (D:7)
  Ijyb (D:3)
  Terence (D:2)
  Jessica (D:2)
  2 iguanas
  5 orc wizards
  5 worker ants
  2 hound skeletons (D:6)
  4 gnolls
  6 adders
  A shadow imp (D:6)
  2 oozes
  An adder skeleton (D:4)
  2 adder zombies
  6 worms
  3 dart slugs
  3 leopard geckos
  16 orcs
  8 bats
  6 giant cockroaches
  6 goblins
  4 hobgoblins
  4 jackals (D:3)
  6 quokkas
  2 frilled lizards
  4 kobolds
  2 leopard gecko skeletons
  An orc zombie (Ossuary)
  2 quokka skeletons (D:5)
  4 rats
  2 rat zombies (Ossuary)
162 creatures vanquished.

Vanquished Creatures (collateral kills)
  2 ogres
  A wight (D:7)
3 creatures vanquished.

Grand Total: 165 creatures vanquished

Notes
Turn   | Place    | Note
-------+----------+-------------------------------------------
     0 | D:1      | Gwenloh the Vampire Enchanter began the quest for the Orb.
     0 | D:1      | Reached XP level 1. HP: 13/13 MP: 3/3
   146 | D:1      | Reached XP level 2. HP: 19/19 MP: 3/5
   150 | D:1      | Learned a level 2 spell: Ensorcelled Hibernation
   257 | D:2      | Found a faded altar of an unknown god.
   741 | D:2      | Noticed Jessica
   742 | D:2      | Noticed Terence
   790 | D:2      | Reached skill level 5 in Stealth
   790 | D:2      | Reached skill level 5 in Hexes
   790 | D:2      | Reached XP level 3. HP: 25/25 MP: 6/6
   795 | D:2      | Learned a level 3 spell: Confuse
  1002 | D:2      | Noticed Sigmund
  1335 | D:2      | Reached XP level 4. HP: 31/31 MP: 3/7
  1395 | D:2      | Reached skill level 1 in Fighting
  1395 | D:2      | Reached skill level 1 in Ice Magic
  1720 | D:2      | Killed Sigmund
  1720 | D:2      | Reached skill level 6 in Stealth
  1720 | D:2      | Reached XP level 5. HP: 37/37 MP: 5/8
  1720 | D:2      | Reached XP level 6. HP: 43/43 MP: 5/9
  1994 | D:2      | Killed Jessica
  1998 | D:2      | Killed Terence
  2326 | D:3      | Learned a level 3 spell: Tukima's Dance
  2544 | D:3      | Found a sparkling altar of Nemelex Xobeh.
  2970 | D:3      | Noticed Ijyb
  2974 | D:3      | Killed Ijyb
  3519 | D:4      | Noticed Edmund
  3911 | D:4      | Found a shadowy altar of Dithmenos.
  3993 | D:4      | Reached skill level 7 in Stealth
  3993 | D:4      | Reached XP level 7. HP: 42/49 MP: 6/11
  4164 | D:4      | Killed Edmund
  4613 | D:5      | Entered Level 5 of the Dungeon
  4667 | D:5      | Noticed a +0 dagger
  4672 | D:5      | Noticed Duvessa
  4674 | D:5      | Noticed Dowan
  4684 | D:5      | Killed Dowan
  4708 | D:5      | Killed Duvessa
  4708 | D:5      | Reached skill level 8 in Stealth
  4816 | D:5      | Found a burning altar of Makhleb.
  4837 | D:5      | Noticed a +0 hand axe
  4839 | D:5      | Reached XP level 8. HP: 57/57 MP: 10/13
  4840 | D:5      | Found a hide-covered altar of Uskayaw.
  4883 | D:5      | Found a staircase to the Ecumenical Temple.
  4910 | Temple   | Entered the Ecumenical Temple
  5009 | Temple   | Became a worshipper of Gozag Ym Sagoz the Greedy
  5537 | D:6      | Learned a level 3 spell: Dazzling Spray
  5765 | D:6      | Found a shimmering blue altar of Sif Muna.
  5772 | D:6      | Reached skill level 9 in Stealth
  6342 | D:6      | Reached XP level 9. HP: 17/64 MP: 2/15
  6669 | D:6      | HP: 2/64 [hornet zombie (10)]
  7270 | D:7      | Found a sand-covered staircase.
  7277 | Ossuary  | Entered an ossuary
  7300 | Ossuary  | Reached skill level 10 in Stealth
  7475 | D:6      | Reached skill level 5 in Dodging
  7714 | D:7      | Learned a level 4 spell: Cause Fear
  7894 | D:7      | Reached skill level 10 in Hexes
  7953 | D:7      | Reached skill level 5 in Short Blades
  8204 | D:7      | Reached skill level 11 in Stealth
  8356 | D:7      | Reached XP level 10. HP: 71/71 MP: 13/17
  8368 | D:7      | Found an ornate altar of the Wu Jian Council.
  8457 | D:7      | Found a burning altar of Makhleb.
  8459 | D:7      | Noticed a blizzard demon
  8463 | D:7      | Noticed an orange demon
  8576 | D:8      | Found a staircase to the Lair.
  8576 | D:8      | Noticed a death yak
  8577 | D:8      | Noticed a death yak
  8577 | D:8      | Noticed a death yak
  8578 | D:8      | Noticed a death yak
  8580 | D:8      | Noticed a death yak
  8599 | D:7      | Killed a death yak
  8599 | D:7      | Reached skill level 5 in Spellcasting
  8827 | D:7      | Slain by a death yak

Levels and vault maps discovered:
D:1:      psy_arrival_dodecagon, layout_rooms, minivault_26,
          minmay_split_cup_small
D:2:      layout_basic, chequers_ecumenical_altar_simple_redux, uniq_jessica,
          uniq_sigmund, uniq_terence
D:3:      layout_basic, nemelex_xobeh_ov_fountains_minmay, uniq_ijyb
D:4:      layout_loops_corners, lemuel_doored_altar, first_ration, uniq_edmund
D:5:      layout_basic, dancing_weapons_uskayaw, lightli_temple_of_fire,
          minmay_temple_entry_offerings, kennysheep_generic_room_10,
          uniq_duvessa
D:6:      layout_basic, old_standard_altar, serial_bayou_lake_a
D:7:      layout_basic, basic_altar, enter_ossuary_2, grunt_livestock,
          makhleb_altar_promises_db
D:8:      layout_rooms, old_standard_altar, dpeg_lair_monsters, serial_shops,
          shop, uniq_harold
Temple:   compressed_dpeg_circular_temple

Skill      XL: |  1  2  3  4  5  6  7  8  9 10 |
---------------+-------------------------------+-----
Stealth        | 5 6 7 8 9 11 | 11.5
Hexes          | 5 6 7 9 10 | 10.9
Fighting       | 1 2 3 4 |  4.3
Short Blades   | 2 3 4 5 |  5.5
Ice Magic      | 1 2 3 4 |  4.7
Dodging        | 3 4 5 |  5.9
Spellcasting   | 3 4 5 |  5.0

Action                   |  1- 3 |  4- 6 |  7- 9 | 10-12 || total
-------------------------+-------+-------+-------+-------++-------
Melee: Dagger            |    56 |    56 |   194 |    12 ||   318
       Bite              |     3 |     4 |    19 |     3 ||    29
       Scimitar          |       |       |     6 |       ||     6
       Falchion          |       |       |       |     7 ||     7
Throw: Javelin           |       |     7 |       |       ||     7
       Stone             |       |     1 |     1 |       ||     2
 Cast: Corona            |     7 |       |       |       ||     7
       Ensorcelled Hiber |    21 |    34 |    89 |     6 ||   150
       Confuse           |       |     1 |    12 |     5 ||    18
       Tukima's Dance    |       |     1 |     5 |       ||     6
       Dazzling Spray    |       |       |     7 |     2 ||     9
Evoke: Wand              |       |       |    16 |       ||    16
  Use: Scroll            |     4 |       |    14 |       ||    18
 Stab: Sleeping          |    18 |    33 |    64 |     4 ||   119
       Confused          |       |     1 |     8 |     2 ||    11
       Paralysed         |       |       |     8 |       ||     8
       Invisible         |       |       |     3 |     1 ||     4
       Distracted        |       |       |     1 |       ||     1
Armor: Robe              |     4 |     3 |     8 |       ||    15
       Leather armour    |       |       |    41 |     2 ||    43
Dodge: Dodged            |    33 |    31 |   170 |    20 ||   254
       Deflected         |     1 |       |     2 |       ||     3
       Rpst.: Scimitar   |       |       |    14 |       ||    14
       Falchion          |       |       |       |     1 ||     1
